 Dungeon Crawl Stone Soup version 0.16.1-25-gbcee3f8 (webtiles) character file.

324 MercyWheel the Digger (level 6, -5/32 HPs)
             Began as a Gargoyle Earth Elementalist on May 22, 2015.
             Was a Believer of Vehumet.
             Slain by an ogre
             ... wielding a +0 giant club
              (23 damage)
             ... on level 4 of the Dungeon.
             The game lasted 00:32:59 (3622 turns).

MercyWheel the Digger (Gargoyle Earth Elementalist) Turns: 3622, Time: 00:32:59

Health: -5/32      AC:  8    Str: 11    XL:     6   Next: 48%
Magic:  6/15       EV: 12    Int: 18    God:    Vehumet [**....]
Gold:   166        SH:  0    Dex: 10    Spells: 3 memorised, 4 levels left

rFire  . . .     SeeInvis .     z - +0 short sword of the Candle {drain, rC+} (curse)
rCold  + . .     Clarity  .     c - +0 robe
rNeg   + . .     SustAb   .     (no shield)
rPois  ∞         Gourm    .     y - +0 helmet
rElec  +         Spirit   .     k - +0 cloak
rCorr  .         Warding  .     (no gloves)
rMut   .         Stasis   .     (no boots)
MR     .....                    (no amulet)
Stlth  ++........               r - +6 ring of slaying
                                m - ring of wizardry

@: very slightly contaminated, not resistant to hostile enchantments, unstealthy
A: negative energy resistance 1, electricity resistance, unbreathing,
petrification resistance, rot immunity, AC +4
a: Renounce Religion


You were on level 4 of the Dungeon.
You worshipped Vehumet.
Vehumet was pleased with you.
You were hungry.

You visited 1 branch of the dungeon, and saw 5 of its levels.

You collected 166 gold pieces.

Inventory:

Hand weapons
 g - a +0 mace
 u - the cursed +3 long sword of Destiny {drain, *Rage rElec rC- MR+ Str-3, unknown}
   (You found it on level 4 of the Dungeon)

   A truly terrible weapon, it drains the life of those it strikes.
   It affects your strength (-3).
   It makes you vulnerable to cold.
   It insulates you from electricity.
   It affects your resistance to hostile enchantments.
   It may make you go berserk in combat.
   It has a curse placed upon it.
 z - the cursed +0 short sword of the Candle (weapon) {drain, rC+}
   (You found it on level 3 of the Dungeon)

   A truly terrible weapon, it drains the life of those it strikes.
   It protects you from cold.
   It has a curse placed upon it.
 H - a +0 flail
Missiles
 b - 139 stones (quivered)
 p - 7 needles of slowing
Armour
 c - a +0 robe (worn)
 k - a +0 cloak (worn)
 y - a +0 helmet (worn)
Jewellery
 m - a ring of wizardry (left hand)
 r - a +6 ring of slaying (right hand)
 G - an uncursed ring of poison resistance
 J - an uncursed ring of poison resistance
Scrolls
 e - a scroll of random uselessness
 f - 4 scrolls of identify
 l - 2 scrolls of teleportation
 q - a scroll of blinking
 B - a scroll of enchant weapon
 C - a scroll of recharging {unknown}
 D - a scroll of noise {unknown}
Potions
 h - a potion of degeneration {unknown}
 i - 4 potions of restore abilities
 n - a potion of agility {unknown}
 o - a potion of haste {unknown}
 v - a potion of ambrosia {unknown}
 w - a potion of poison {unknown}
 x - 2 potions of heal wounds {unknown}
 A - a potion of berserk rage {unknown}
 E - a potion of curing {unknown}
 F - a potion of magic {unknown}
Books
 d - a book of Geomancy

   Spells                             Type                      Level
   a - Sandblast                      Earth                        1
   b - Stoneskin                      Transmutation/Earth          2
   c - Passwall                       Transmutation/Earth          3
   d - Stone Arrow                    Conjuration/Earth            3
   e - Petrify                        Transmutation/Earth          4
   f - Lee's Rapid Deconstruction     Earth                        5
Comestibles
 a - 4 bread rations
 j - 3 fruits
 s - 5 meat rations
 t - a beef jerky
 I - 2 chunks of flesh


   Skills:
 + Level 2.4 Maces & Flails
 - Level 1.5 Dodging
 - Level 2.1 Stealth
 - Level 4.0 Spellcasting
 - Level 1.0 Conjurations
   Level 0.7 Transmutations
 - Level 6.0 Earth Magic


You had 4 spell levels left.
You knew the following spells:

 Your Spells              Type           Power        Failure   Level  Hunger
a - Sandblast             Erth           ####..       1%          1    None
b - Stone Arrow           Conj/Erth      ###...       4%          3    ###....
c - Lee's Rapid Deconstr  Erth           ####......   14%         5    ######.


Dungeon Overview and Level Annotations

Branches:
Dungeon (5/15)
 Temple: D:4-7

Altars:
Cheibriados
Dithmenos
Kikubaaqudgha
Makhleb
Nemelex Xobeh
Okawaru
Vehumet
Xom
Yredelemnul
Zin
The Shining One


Innate Abilities, Weirdness & Mutations

You are resistant to torment.
You are immune to poison.
Your stone body is very resilient (AC +4).
You resist negative energy.
You are resistant to electric shocks.
You can survive without breathing.
You are immune to petrification.
You are immune to rotting.


Message History

Confirm with . or Enter, or press ? or * to list all spells.
Aiming: Lee's Rapid Deconstruction
Press: ? - help, Dir - move target cursor You miscast Lee's Rapid Deconstruction.
You are very lightly contaminated with residual magic.
The floor shifts beneath you alarmingly!
You are feeling hungry.
The ogre hits you with a giant club!
Casting: Lee's Rapid Deconstruction
Confirm with . or Enter, or press ? or * to list all spells.
Aiming: Lee's Rapid Deconstruction
Press: ? - help, Dir - move target cursor The wall shatters!
The ogre closely misses you.
Read which item? (? for menu, Esc to quit)
Blink to where?
Press: ? - help, Dir - move target cursor
As you read the scroll of blinking, it crumbles to dust.
The ogre hits you with a giant club!!
Ouch! That really hurt!
You die...

.######..####### .........##
####### ###.......##
##.....##### ####...##..##
#######...####...##
......####..###........##
###... #######
##.....##...#..## ####
######...........#..#
##..##.............#.### #
#....<......@O.....##..## #
#####..................###..##
# ..##...................#
##..# #
##.....................# ##.##
##
###...................###..#
#. #....................##..##
#. ##................[...#..##
#. ##.......................##
#. #.......................##
#.


You could see an ogre.

Vanquished Creatures
  A crimson imp (D:5)
  3 worker ants
  Terence (D:2)
  A hound skeleton (D:4)
  Robin (D:3)
  3 adders
  3 worms
  An adder skeleton (D:4)
  3 giant geckos
  7 orcs
  2 ball pythons (D:3)
  8 bats
  8 giant cockroaches
  23 goblins
  18 hobgoblins
  22 jackals
  10 kobolds
  A giant newt (D:4)
  A quokka (D:4)
  10 rats
127 creatures vanquished.

Notes
Turn   | Place    | Note
--------------------------------------------------------------
     0 | D:1      | MercyWheel, the Gargoyle Earth Elementalist, began the quest for the Orb.
     0 | D:1      | Reached XP level 1. HP: 10/10 MP: 3/3
   131 | D:1      | Reached XP level 2. HP: 13/15 MP: 0/4
   272 | D:1      | Reached skill level 4 in Earth Magic
   672 | D:2      | Reached XP level 3. HP: 19/19 MP: 6/6
   688 | D:2      | Learned a level 3 spell: Stone Arrow
   785 | D:2      | Noticed Terence
   975 | D:2      | Killed Terence
  1033 | D:2      | Reached XP level 4. HP: 11/24 MP: 1/9
  1673 | D:3      | Reached XP level 5. HP: 25/28 MP: 13/13
  1684 | D:3      | Found a snail-covered altar of Cheibriados.
  1687 | D:3      | Found a glowing golden altar of the Shining One.
  1688 | D:3      | Found an iron altar of Okawaru.
  1688 | D:3      | Found a burning altar of Makhleb.
  1688 | D:3      | Found a glowing silver altar of Zin.
  1696 | D:3      | Found a shadowy altar of Dithmenos.
  1696 | D:3      | Found a shimmering altar of Xom.
  1697 | D:3      | Found a radiant altar of Vehumet.
  1703 | D:3      | Became a worshipper of Vehumet
  1706 | D:3      | Found an ancient bone altar of Kikubaaqudgha.
  1709 | D:3      | Found a sparkling altar of Nemelex Xobeh.
  1710 | D:3      | Found a basalt altar of Yredelemnul.
  1871 | D:3      | Reached skill level 1 in Conjurations
  2063 | D:3      | Noticed Robin
  2101 | D:3      | Killed Robin
  2101 | D:3      | Reached skill level 5 in Earth Magic
  2177 | D:3      | Acquired Vehumet's first power
  2177 | D:3      | Offered knowledge of Magic Dart by Vehumet.
  2403 | D:3      | Got a dazzling short sword
  2404 | D:3      | Identified the cursed +0 short sword of the Candle {drain, rC+} (You found it on level 3 of the Dungeon)
  2475 | D:4      | Got a steaming long sword
  2858 | D:4      | Reached skill level 6 in Earth Magic
  2858 | D:4      | Reached XP level 6. HP: 32/32 MP: 15/15
  3182 | D:4      | Reached skill level 1 in Maces & Flails
  3202 | D:4      | Noticed an ogre
  3229 | D:5      | Entered Level 5 of the Dungeon
  3494 | D:5      | Offered knowledge of Sting by Vehumet.
  3546 | D:5      | Learned a level 5 spell: Lee's Rapid Deconstruction
  3609 | D:4      | Noticed an ogre
  3622 | D:4      | Slain by an ogre

Action                   |  1- 3 |  4- 6 || total
-------------------------+-------+-------++-------
Melee: Unarmed           |     2 |       ||     2
       Mace              |    59 |   157 ||   216
       Short sword       |       |    81 ||    81
 Cast: Sandblast         |    37 |    28 ||    65
       Stone Arrow       |     1 |     6 ||     7
       Lee's Rapid Decon |       |     1 ||     1
  Use: Scroll            |       |    11 ||    11
 Stab: Sleeping          |     2 |     1 ||     3
  Eat: Chunk             |     1 |     9 ||    10
